 Dungeon Crawl Stone Soup version 0.30-a0-748-ge6a52f7cba (webtiles) character file.

Game seed: 2420035808640767270

56 Newt the Trooper (level 3, 0/30 HPs)
             Began as a Demonspawn Gladiator on Feb 8, 2023.
             Slain by Grinder (6 damage)
             ... on level 3 of the Dungeon.
             The game lasted 00:02:22 (2332 turns).

Newt the Trooper (Demonspawn Gladiator)             Turns: 2332, Time: 00:02:23

Health: 0/30       AC:  4    Str: 16    XL:     3   Next: 71%
Magic:  3/3        EV: 12    Int:  9    God:
Gold:   148        SH:  0    Dex: 14    Spells: 2/2 levels left

rFire   . . .      SeeInvis .    a - +0 rapier
rCold   . . .      Faith    .    (no shield)
rNeg    . . .      Spirit   .    b - +0 leather armour
rPois   .          Reflect  .    g - +1 hat
rElec   .          Harm     .    (no cloak)
rCorr   .          Rampage  .    (no gloves)
Will    .....                    (no boots)
Stlth   +                        (no amulet)
HPRegen 0.25/turn                (no ring)
MPRegen 0.16/turn                (no ring)

@: no status effects
A: magic regeneration
a: no special abilities


You were on level 3 of the Dungeon.
You visited 1 branch of the dungeon, and saw 3 of its levels.

You collected 148 gold pieces.

Inventory:

Hand Weapons
 a - a +0 rapier (weapon)
Armour
 b - a +0 leather armour (worn)
 c - a +0 helmet
 g - a +1 hat (worn)
Scrolls
 k - a scroll of magic mapping
Potions
 f - a potion of flight
 h - a potion of attraction {unknown}
 j - 2 potions of mutation {unknown}


   Skills:
 + Level 4.1 Fighting
 - Level 2.6 Short Blades
 - Level 1.7 Throwing
 - Level 2.6 Dodging


You had 2 spell levels left.
You didn't know any spells.
Your spell library was empty.

Dungeon Overview and Level Annotations

Branches:
Dungeon (3/15)

Altars:
Ru

Annotations:
D:3 Grinder


Innate Abilities, Weirdness & Mutations

You regenerate magic rapidly.


Message History

You resist with significant effort.
You closely miss Grinder.
Grinder is almost dead.
Grinder closely misses you.
You hit Grinder.
Grinder is almost dead.
Grinder blinks!
Grinder blinks!
e - a javelin
There are no items here.
d - a throwing net
There are no items here.
Grinder blinks!
Throw: javelin
Press: ? - help, Shift-Dir - straight line, f/p - Grinder
Aim: Grinder (almost dead, 57% to hit)
You throw a javelin. The javelin closely misses Grinder.
Grinder gestures at you.
You suddenly lose the ability to move!
Grinder gestures at you.
You shrug off the repeated paralysis!
You can move again.
Unknown command.
Throw: throwing net
Press: ? - help, Q - select action Shift-Dir - straight line, f/p - Grinder
Aim: Grinder (almost dead, 57% to hit)
You throw a throwing net. The throwing net barely misses Grinder.
Grinder gestures at you. Pain shoots through your body!
* * * LOW HITPOINT WARNING * * *
You feel better. Grinder closely misses you.
You hit Grinder.
Grinder is almost dead.
Grinder hits you.
You writhe in agony.
* * * LOW HITPOINT WARNING * * *
You hit Grinder but do no damage.
Grinder is almost dead.
Grinder hits you.
You die...

≈.≈.............# #.........
...≈+##.........#####.#.......
##≈..#####......(...#)#.......
#.#..# #......(...(.#.......
#.##.# #...........##.......
.....# #..........## .......
##†### #..........###.......
##..# #......5.........#
###..# #.....#.@.........# #
#.# ..#####...........# # .#
.# #....!......# ## ..
#...........# .# ##
#...........# .# #...........#
.# #..$........# .#
#........... .###########
#..........


You could see Grinder.

Vanquished Creatures
  An adder (D:1)
  A worm (D:2)
  10 bats
  4 endoplasms
  3 giant cockroaches
  2 goblins (D:1)
  5 hobgoblins
  2 jackals (D:1)
  4 kobolds
  A quokka (D:1)
  3 ball pythons
  2 frilled lizards (D:2)
  3 rats
41 creatures vanquished.

Notes
Turn   | Place    | Note
-------+----------+-------------------------------------------
     0 | D:1      | Newt the Demonspawn Gladiator began the quest for the Orb.
     0 | D:1      | Reached XP level 1. HP: 16/16 MP: 1/1
   250 | D:1      | Gained mutation: You regenerate magic rapidly. [demonic
                  | ancestry]
   250 | D:1      | Reached XP level 2. HP: 22/23 MP: 2/2
   352 | D:1      | Reached skill level 3 in Fighting
   387 | D:1      | Found a faded altar of an unknown god.
  1255 | D:2      | Reached XP level 3. HP: 25/29 MP: 3/3
  1753 | D:2      | Found a sacrificial altar of Ru.
  1849 | D:2      | Reached skill level 4 in Fighting
  2158 | D:3      | Found a sacrificial altar of Ru.
  2219 | D:3      | Noticed Grinder
  2223 | D:3      | Paralysed by Grinder for 3 turns
  2256 | D:3      | Paralysed by Grinder for 5 turns
  2274 | D:3      | Paralysed by Grinder for 3 turns
  2282 | D:3      | Paralysed by Grinder for 4 turns
  2289 | D:3      | Paralysed by Grinder for 3 turns
  2301 | D:3      | Paralysed by Grinder for 5 turns
  2324 | D:3      | Paralysed by Grinder for 3 turns
  2332 | D:3      | Slain by Grinder

Illustrated notes

Levels and vault maps discovered:
D:1:      spicycebolla_arrival_xxxplode, layout_basic, basic_ecumenical_altar
D:2:      layout_rooms, basic_altar, minivault_14
D:3:      layout_basic, nicolae_ru_path_of_blood, st_stairs_1, uniq_grinder

Skill      XL: |  1  2  3 |
---------------+----------+-----
Fighting       | 3 4 |  4.1
Short Blades   | |  2.6
Throwing       | |  1.7
Dodging        | |  2.6

Action                     || total
---------------------------++-------
  Melee: Rapier            ||   186
         Punch             ||     3
  Throw: Throwing net      ||     5
         Javelin           ||     2
    Use: Potion            ||     5
         Scroll            ||     4
   Stab: Sleeping          ||     1
 Armour: Leather armour    ||    65
  Dodge: Dodged            ||   146

Table legend: (Time is in decaauts)
 A = Elapsed time spent in this place.
 B = Non-inter-level travel time spent in this place.
 C = Inter-level travel time spent in this place.
 D = Time resting spent in this place.
 E = Time spent auto-exploring this place.
 F = Levels seen in this place.
 G = Mean time per level.
                   A        B        C        D        E       F      G
               +--------+--------+--------+--------+--------+-----+--------+
         Total |   2346 |   2296 |     50 |    342 |   1481 |   3 |  782.0 |
       Dungeon |   2346 |   2296 |     50 |    342 |   1481 |   3 |  782.0 |
               +--------+--------+--------+--------+--------+-----+--------+

Top non-repeatable levels by time:
     D:1: 1426 daAuts
     D:2: 572 daAuts
     D:3: 347 daAuts
